 Dungeon Crawl Stone Soup version 0.17-a0-1701-gf693a3f (webtiles) character file.

152 Leibowitz the Poker (level 5, -3/41 HPs)
             Began as a Merfolk Gladiator on Aug 21, 2015.
             Slain by a gnoll
             ... wielding a cursed -3 halberd
              (9 damage)
             ... on level 5 of the Dungeon.
             The game lasted 00:07:59 (2065 turns).

Leibowitz the Poker (Merfolk Gladiator)             Turns: 2065, Time: 00:07:59

Health: -3/41      AC:  5    Str: 16    XL:     5   Next: 34%
Magic:  5/5        EV: 14    Int:  7    God:
Gold:   79         SH:  0    Dex: 15    Spells: 0 memorised, 4 levels left

rFire  . . .     SeeInvis .     a - +0 trident
rCold  . . .     Clarity  .     b - +0 leather armour
rNeg   . . .     SustAt   .     (no shield)
rPois  .         Gourm    .     c - +0 helmet
rElec  .         Spirit   .     l - +0 cloak
rCorr  .         Warding  .     (no gloves)
rMut   .         Stasis   .     (no boots)
MR     .....                    u - amulet of rage
Stlth  +.........               (no ring)
                                (no ring)

@: drained, not resistant to hostile enchantments, very unstealthy
A: change form in water, swift swim
a: Evoke Berserk Rage


You were on level 5 of the Dungeon.
You were not hungry.

You visited 1 branch of the dungeon, and saw 4 of its levels.

You collected 79 gold pieces.

Inventory:

Hand weapons
 a - a +0 trident (weapon)
 s - a +1 dagger of venom
Missiles
 d - 3 throwing nets (quivered)
Armour
 b - a +0 leather armour (worn)
 c - a +0 helmet (worn)
 l - a +0 cloak (worn)
Jewellery
 u - an amulet of rage (around neck)
Scrolls
 g - 2 scrolls of identify {unknown}
 h - a scroll of fog {unknown}
 m - a scroll of immolation {unknown}
 n - a scroll of random uselessness {unknown}
 o - a scroll of enchant armour {unknown}
 p - 3 scrolls of enchant weapon {unknown}
 q - a scroll of remove curse {unknown}
Potions
 j - a potion of haste {unknown}
 k - a potion of agility
 t - a potion of cancellation {unknown}
Books
 r - a book of Frost

   Spells                             Type                      Level
   a - Freeze                         Ice                          1
   b - Throw Frost                    Conjuration/Ice              2
   c - Ozocubu's Armour               Charms/Ice                   3
   d - Throw Icicle                   Conjuration/Ice              4
   e - Summon Ice Beast               Ice/Summoning                4
   f - Condensation Shield            Ice                          4
Comestibles
 e - 3 bread rations
 f - a royal jelly
 i - 2 meat rations


   Skills:
 * Level 3.5(3.1) Fighting
 * Level 5.7(5.3) Polearms
 - Level 2.0(1.6) Throwing
 + Level 0.3(0.0) Armour
 * Level 5.7(5.3) Dodging
 + Level 1.2(0.8) Stealth


You had 4 spell levels left.
You didn't know any spells.

Dungeon Overview and Level Annotations

Branches:
Dungeon (5/15)
 Temple: D:4-7

Altars:

Annotations:
D:5 Edmund


Message History

You hit Edmund but do no damage.
Edmund looks even sicker.
Edmund is lightly wounded.
Edmund barely misses you. The gnoll closely misses you.
You closely miss Edmund.
Edmund is lightly wounded.
Edmund closely misses you. The gnoll misses you.
You barely miss Edmund.
Edmund is lightly wounded.
Edmund closely misses you.
You hit Edmund.
Edmund looks even sicker.
Edmund is lightly wounded.
The gnoll misses you.
Edmund hits you with a dire flail of draining!
* * * LOW HITPOINT WARNING * * *
You feel drained.
* * * LOW HITPOINT WARNING * * *
Your +1 dagger of venom stops dripping with poison.
a - a +0 trident (weapon)
The gnoll hits you from afar with an enchanted halberd!
You die...

#### ##..#
##...## .
##@g##)#######..
#@####gg@...g...
### ##....g...#
#........#
##.####...#
####..# ..#
#.....## .
#......#
####...###
##....#


You could see Edmund and a gnoll.

Vanquished Creatures
  6 gnolls
  3 adders (D:2)
  2 oozes (D:2)
  3 worms (D:2)
  3 giant geckos
  5 bats
  4 hobgoblins (D:2)
  2 giant cockroaches
  A giant newt (D:2)
  7 goblins
  12 kobolds
  9 rats
57 creatures vanquished.

Notes
Turn   | Place    | Note
--------------------------------------------------------------
     0 | D:1      | Leibowitz the Merfolk Gladiator began the quest for the Orb.
     0 | D:1      | Reached XP level 1. HP: 16/16 MP: 1/1
   238 | D:1      | Reached XP level 2. HP: 23/23 MP: 2/2
   635 | D:2      | Reached skill level 5 in Polearms
   635 | D:2      | Reached XP level 3. HP: 20/28 MP: 3/3
   869 | D:2      | Reached XP level 4. HP: 16/35 MP: 4/4
  1152 | D:2      | Reached skill level 5 in Dodging
  1559 | D:2      | Reached XP level 5. HP: 8/41 MP: 5/5
  2020 | D:3      | You fall through a shaft for 2 floors!
  2020 | D:5      | Entered Level 5 of the Dungeon
  2035 | D:5      | Reached skill level 1 in Stealth
  2048 | D:5      | Noticed Edmund
  2065 | D:5      | Slain by a gnoll

Vault maps used:
D:1:      dpeg_arrival_pond
D:2:      forest_paths, first_bread
D:3:      minmay_statues_item, tgw_sif
D:5:      overflow_temple_1_default, overflow_temple_1_default, temple_doors_d,
          serial_shops, kennysheep_little_box, solitary_fountain, uniq_edmund,
          uniq_prince_ribbit1, uniq_duvessa

Action                   |  1- 3 |  4- 6 || total
-------------------------+-------+-------++-------
Melee: Trident           |   109 |    92 ||   201
       Dagger            |       |    14 ||    14
Throw: Throwing net      |       |     5 ||     5
  Use: Potion            |       |     1 ||     1
 Stab: Sleeping          |     2 |     1 ||     3
       Held in net/web   |       |     2 ||     2
  Eat: Chunk             |       |     2 ||     2
       Bread ration      |       |     1 ||     1
